 Dungeon Crawl Stone Soup version 0.18-b1-22-ge198996 (webtiles) character file.

743 wvc the Cudgeler (level 7, -3/50 HPs)
             Began as a Mummy Gladiator on May 3, 2016.
             Was an Initiate of Ashenzari.
             Slain by a sky beast (5 damage)
             ... on level 5 of the Dungeon.
             The game lasted 00:09:50 (10964 turns).

wvc the Cudgeler (Mummy Gladiator)                 Turns: 10964, Time: 00:09:51

Health: -3/50      AC:  7    Str: 20    XL:     7   Next: 47%
Magic:  7/7        EV: 12    Int:  6    God:    Ashenzari [......]
Gold:   203        SH:  0    Dex: 14    Spells: 0 memorised, 6 levels left

rFire  x . .     SeeInvis .     r - +1 morningstar (curse)
rCold  + . .     Gourm    .     b - +0 leather armour
rNeg   + + +     Faith    .     (no shield)
rPois  ∞         Spirit   .     e - +2 helmet (curse)
rElec  .         Dismiss  .     (no cloak)
rCorr  .         Reflect  .     n - +0 pair of gloves (curse)
SustAt .         Harm     .     (no boots)
MR     +....                    (no amulet)
Stlth  +.........               (no ring)
                                p - ring of protection from magic

@: somewhat resistant to hostile enchantments, very unstealthy
A: no food or potions, fire vulnerability, cold resistance 1, negative energy
resistance 3, torment resistance, unbreathing
a: Curse Item, Renounce Religion


You were on level 5 of the Dungeon.
You worshipped Ashenzari.
Ashenzari was noncommittal.
You were not hungry.

You visited 1 branch of the dungeon, and saw 5 of its levels.
You also visited: Sewer.

You collected 247 gold pieces.
You spent 44 gold pieces at shops.

Inventory:

Hand Weapons
 a - a +0 flail
 r - a cursed +1 morningstar (weapon)
Missiles
 j - 2 throwing nets (quivered)
 m - 5 poisoned needles
Armour
 b - a +0 leather armour (worn)
 e - a cursed +2 helmet (worn)
 n - a cursed +0 pair of gloves (worn)
Jewellery
 p - a ring of protection from magic (left hand)
 q - an uncursed ring of protection from magic
Wands
 o - a wand of random effects (0/48)
Scrolls
 d - a scroll of identify
 f - 2 scrolls of remove curse
 h - 3 scrolls of blinking
 i - 6 scrolls of teleportation


   Skills:
 + Level 2.0 Fighting
 * Level 7.4 Maces & Flails
 - Level 1.5 Throwing
 + Level 2.4 Dodging


You had 6 spell levels left.
You didn't know any spells.

Dungeon Overview and Level Annotations

Branches:
Dungeon (5/15)             Temple (0/1) D:5

Altars:
Ashenzari
Dithmenos
Elyvilon
Kikubaaqudgha
Nemelex Xobeh
Yredelemnul

Shops:
D:5 (


Innate Abilities, Weirdness & Mutations

You do not eat or drink.
Your flesh is vulnerable to fire.
You are immune to poison.
Your flesh is cold resistant.
You are immune to negative energy.
You are immune to unholy pain and torment.
You can survive without breathing.


Message History

The sky beast is almost dead.
The sky beast hits you but does no damage.
You closely miss the sky beast.
The sky beast is almost dead.
The sky beast barely misses you.
You barely miss the sky beast.
The sky beast is almost dead.
The sky beast flickers out of sight!
Deactivating autopickup; reactivate with Ctrl-A.
Something hits you. Something shocks you.
* * * LOW HITPOINT WARNING * * *
You barely miss something. Something hits you.
* * * LOW HITPOINT WARNING * * *
Something shocks you.
* * * LOW HITPOINT WARNING * * *
You miss something. Something hits you but does no damage.
You closely miss something. Something hits you.
* * * LOW HITPOINT WARNING * * *
Something shocks you.
You die...

#.#.# #.#.#
############# #.#.#
#...........#####.#.#
............>.##.#.#
.............'..#.#
#####..........####.#
(..............####.#
..............({@..(#
...............######
...............#
...............#
......##########
...... ...... ......


There were no monsters in sight!

Vanquished Creatures
  Purgy (Sewer)
  A sky beast (D:5)
  A centaur (D:5)
  A crimson imp (D:5)
  3 hounds
  3 orc wizards (D:4)
  A centaur skeleton (D:5)
  2 iguanas (D:5)
  A gnoll (D:1)
  5 adders
  2 shadow imps (D:5)
  3 oozes
  An adder zombie (D:2)
  An adder skeleton (D:2)
  3 worms
  A dart slug (D:1)
  2 giant geckos
  4 orcs
  2 bat zombies (D:2)
  4 giant cockroaches
  11 hobgoblins
  5 jackals
  7 kobolds
  A quokka (D:4)
  4 ball pythons (Sewer)
  6 bats
  A giant cockroach zombie (D:2)
  A giant gecko skeleton (D:4)
  A giant gecko zombie (D:2)
  8 giant newts
  10 goblins
  A jackal zombie (D:2)
  A quokka zombie (D:2)
  8 rats
  A rat zombie (D:2)
  A withered plant (D:2)
109 creatures vanquished.

Notes
Turn   | Place    | Note
--------------------------------------------------------------
     0 | D:1      | wvc the Mummy Gladiator began the quest for the Orb.
     0 | D:1      | Reached XP level 1. HP: 16/16 MP: 1/1
   315 | D:1      | Reached XP level 2. HP: 22/22 MP: 2/2
   318 | D:1      | Reached skill level 3 in Maces & Flails
  3168 | D:1      | Reached XP level 3. HP: 11/27 MP: 3/3
  6349 | D:2      | Reached skill level 4 in Maces & Flails
  6380 | D:2      | Reached XP level 4. HP: 30/33 MP: 4/4
  6485 | D:2      | Found a sparkling altar of Nemelex Xobeh.
  7200 | D:2      | Found an ancient bone altar of Kikubaaqudgha.
  7258 | D:3      | Found a shadowy altar of Dithmenos.
  7716 | D:3      | Reached XP level 5. HP: 18/38 MP: 5/5
  7922 | D:3      | Reached skill level 5 in Maces & Flails
  8656 | D:4      | Reached XP level 6. HP: 29/44 MP: 6/6
  8915 | D:4      | Found a basalt altar of Yredelemnul.
  9186 | D:5      | Entered Level 5 of the Dungeon
  9190 | D:5      | Found a glowing drain.
  9200 | Sewer    | Entered a sewer
  9292 | Sewer    | Noticed Purgy
  9310 | Sewer    | Drew Focus: Str increased to 20, Int decreased to 6
  9316 | Sewer    | Killed Purgy
  9316 | Sewer    | Reached skill level 6 in Maces & Flails
  9649 | D:5      | Found a shattered altar of Ashenzari.
  9669 | D:5      | Became a worshipper of Ashenzari the Shackled
  9949 | D:5      | Reached XP level 7. HP: 46/50 MP: 7/7
 10014 | D:5      | Reached skill level 7 in Maces & Flails
 10025 | D:5      | HP: 2/50 [sky beast (5)]
 10373 | D:5      | Found a staircase to the Ecumenical Temple.
 10674 | D:5      | Found Ungek's Weapon Boutique.
 10704 | D:5      | Bought a +0 morningstar for 44 gold pieces
 10719 | D:5      | Found a white marble altar of Elyvilon.
 10964 | D:5      | HP: 2/50 [something (1)]
 10964 | D:5      | Slain by a sky beast

Skill      XL: |  1  2  3  4  5  6  7 |
---------------+----------------------+-----
Maces & Flails | 3 4 5 6 7 |  7.4
Fighting       | |  2.0
Throwing       | |  1.5
Dodging        | |  2.4

Action                   |  1- 3 |  4- 6 |  7- 9 || total
-------------------------+-------+-------+-------++-------
Melee: Flail             |   111 |   305 |    37 ||   453
       Morningstar       |       |       |    29 ||    29
Throw: Throwing net      |       |     3 |       ||     3
Invok: Curse Item        |       |     3 |     1 ||     4
Evoke: Deck              |       |     5 |     5 ||    10
       Wand              |       |     1 |     4 ||     5
  Use: Scroll            |       |     5 |     7 ||    12
 Stab: Sleeping          |       |     1 |       ||     1
       Held in net/web   |       |     1 |       ||     1
Armor: Leather armour    |    17 |   115 |    23 ||   155
Dodge: Dodged            |    81 |   219 |    36 ||   336
